 Dungeon Crawl Stone Soup version 0.22-a0-866-geee50340df (webtiles) character file.

35 LLavrengius the Digger (level 3, 0/21 HPs)
             Began as an Octopode Earth Elementalist on July 28, 2018.
             Succumbed to an adder's poison
             ... on level 2 of the Dungeon.
             The game lasted 00:04:07 (1024 turns).

LLavrengius the Digger (OpEE)                       Turns: 1024, Time: 00:04:08

Health: 0/21       AC:  1    Str:  7    XL:     3   Next: 33%
Magic:  6/6        EV: 13    Int: 18    God:
Gold:   86         SH:  0    Dex: 12    Spells: 5/6 levels left

rFire    . . .     SeeInvis .   (no weapon)
rCold    . . .     Gourm    .   (no shield)
rNeg     . . .     Faith    .   (helmet restricted)
rPois    .         Spirit   .   (no amulet)
rElec    .         Reflect  .   (no ring)
rCorr    .         Harm     .   (no ring)
MR       .....                  (no ring)
Stlth    +++.......             (no ring)
HPRegen  0.07/turn              (no ring)
MPRegen  0.10/turn              (no ring)
                                (no ring)
                                (no ring)

@: lethally poisoned (0 -> -8), flying
A: almost no armour, stealthy swim, amphibious, 8 rings, constrict 8, camouflage
1, gelatinous body 1
a: no special abilities


You were on level 2 of the Dungeon.
You were not hungry.

You visited 1 branch of the dungeon, and saw 2 of its levels.

You collected 86 gold pieces.

Inventory:

Missiles
 b - 57 stones (quivered)
 h - 7 tomahawks
Scrolls
 a - a scroll of identify {unknown}
 d - a scroll of enchant armour {unknown}
 e - a scroll of remove curse {unknown}
 f - a scroll of fear {unknown}
Comestibles
 c - a ration
 g - a chunk of flesh


   Skills:
 + Level 2.4 Dodging
 + Level 3.3 Stealth
 - Level 0.5 Unarmed Combat
 + Level 2.2 Spellcasting
   Level 1.0 Transmutations
 + Level 3.4 Earth Magic


You had 5 spell levels left.
You knew the following spells:

 Your Spells              Type           Power        Failure   Level  Hunger
a - Sandblast             Erth           ##....       4%          1    #......

Your spell library contained the following spells:

 Spells                   Type           Power        Failure   Level  Hunger
 Stone Arrow              Conj/Erth      #.....       26%         3    ###....
 Passwall                 Tmut/Erth      ##......     11%         2    ##.....
 Lee's Rapid Deconstruct  Erth           ##........   75%         5    ######.
 Petrify                  Tmut/Erth      ##......     56%         4    #####..


Dungeon Overview and Level Annotations

Branches:
Dungeon (2/15)

Altars:


Innate Abilities, Weirdness & Mutations

You cannot wear most types of armour.
You are very stealthy in the water. (Stealth+)
You are amphibious.
You can wear up to eight rings at the same time.
You can use your tentacles to constrict eight enemies at once.
Your skin changes colour to match your surroundings (Stealth+).
Your rubbery body absorbs attacks. (AC +1, EV +1)


Message History

You feel very buoyant.
You fly up into the air.
You constrict the giant cockroach.
* * * LOW HITPOINT WARNING * * *
You feel sick. The giant cockroach bites you.
* * * LOW HITPOINT WARNING * * *
You tentacle-slap the giant cockroach but do no damage.
The giant cockroach is moderately wounded.
You constrict the giant cockroach.
* * * LOW HITPOINT WARNING * * *
You feel sick. The giant cockroach closely misses you.
The giant cockroach completely misses you.
You barely miss the giant cockroach. You squeeze the giant cockroach.
The giant cockroach is severely wounded.
You constrict the giant cockroach, but do no damage.
The giant cockroach barely misses you.
You tentacle-slap the giant cockroach but do no damage.
The giant cockroach is severely wounded.
You constrict the giant cockroach.
You kill the giant cockroach!
You die...

#### .... ..# ... #.#
#.# #.#### #
#.########.....
...##.##.##........###
.(....†@.....).......#
...##.##.##....##.##.#
# #.##.#..##.##.##
#.##.#.........#
#.#...#.##.##..#
....#......##..#
###...#.....<..#
##...#######.# ###. .#


There were no monsters in sight!

Vanquished Creatures
  An adder (D:2)
  A leopard gecko (D:1)
  2 giant cockroaches
  2 goblins (D:1)
  5 hobgoblins
  4 bats (D:1)
  3 frilled lizards (D:1)
  2 kobolds (D:1)
  4 rats (D:1)
24 creatures vanquished.

Notes
Turn   | Place    | Note
-------+----------+-------------------------------------------
     0 | D:1      | LLavrengius the Octopode Earth Elementalist began the quest for the Orb.
     0 | D:1      | Reached XP level 1. HP: 11/11 MP: 3/3
   269 | D:1      | Reached XP level 2. HP: 4/17 MP: 5/5
  1004 | D:2      | Reached XP level 3. HP: 17/21 MP: 6/6
  1022 | D:2      | HP: 1/21 [poisoned by an adder]
  1024 | D:2      | Succumbed to an adder's poison

Vault maps used:
D:1:      minmay_arrival_diagonal_passages
D:2:      grunt_gozag_breadcrumbs, first_ration

Skill      XL: |  1  2 |
---------------+-------+-----
Stealth        | 3 |  3.3
Dodging        | |  2.4
Unarmed Combat | |  0.5
Spellcasting   | |  2.2
Transmutations | |  1.0
Earth Magic    | |  3.4

Action                   || total
-------------------------++-------
Melee: Unarmed           ||    70
       Constrict         ||    19
       Tentacles         ||     8
  Use: Potion            ||     1
 Stab: Sleeping          ||    12
Armor: Skin              ||     7
Dodge: Dodged            ||    45

Table legend:
 A = Spawn XP
 B = Non-spawn XP
 C = Spawn XP percentage of total XP
 D = Spawn monster count
 E = Non-spawn monster count
 F = Spawn count percentage of total count
 G = Total turns spent on level
                    A         B        C        D         E        F      G
               +---------+---------+-------+---------+---------+-------+---------
         Total |       0 |      50 |   0.0 |       0 |      24 |   0.0 |  1024
               +---------+---------+-------+---------+---------+-------+---------
           D:1 |       0 |      33 |   0.0 |       0 |      21 |   0.0 |   991
           D:2 |       0 |      17 |   0.0 |       0 |       3 |   0.0 |    33
               +---------+---------+-------+---------+---------+-------+---------
